 Dungeon Crawl Stone Soup version 0.30-a0-165-g1891117ce2 (webtiles) character file.

Game seed: 13467447193120163707

5775 IdlyInterested the Fighter (level 10, -2/90 HPs)
             Began as a Demonspawn Gladiator on Sept 28, 2022.
             Killed from afar by an electric eel (12 damage)
             ... with a bolt of electricity
             ... on level 9 of the Dungeon.
             The game lasted 00:28:09 (10207 turns).

IdlyInterested the Fighter (Demonspawn Gladiator)  Turns: 10207, Time: 00:28:10

Health: -2/90      AC: 14    Str: 14    XL:     10   Next: 50%
Magic:  0/10       EV: 13    Int: 10    God:
Gold:   638        SH:  0    Dex: 23    Spells: 9/9 levels left

rFire   . . .      SeeInvis .    k - +2 long sword (vorpal)
rCold   + . .      Faith    .    (no shield)
rNeg    . . .      Spirit   +    E - +0 acid dragon scales
rPois   .          Reflect  .    i - +1 helmet
rElec   .          Harm     .    u - +1 cloak
rCorr   +          Rampage  .    (no gloves)
Will    .....                    (no boots)
Stlth   ++++......               b - amulet of guardian spirit
HPRegen 0.25/turn                e - ring of protection from cold
MPRegen 0.12/turn                J - +4 ring of protection

@: no status effects
A: thin skeletal structure 2, demonic guardian 1, ignite blood 2, demonic touch
2
a: no special abilities


You were on level 9 of the Dungeon.
You visited 2 branches of the dungeon, and saw 10 of its levels.

You collected 638 gold pieces.

Inventory:

Hand Weapons
 a - a +1 long sword
 k - a +2 vorpal long sword (weapon)
 r - a +2 dagger of pain
 x - a +0 dagger of freezing
 L - a +0 rapier
Missiles
 d - 2 throwing nets
 o - 2 boomerangs
 p - 9 poisoned darts (quivered)
 y - 4 javelins
Armour
 i - a +1 helmet (worn)
 u - a +1 cloak (worn)
 E - +0 acid dragon scales (worn)
Jewellery
 b - an amulet of guardian spirit (around neck)
 e - a ring of protection from cold (left hand)
 h - a +6 ring of intelligence
 q - a ring of fire
 G - a ring of fire
 J - a +4 ring of protection (right hand)
Wands
 B - a wand of polymorph (4)
Scrolls
 g - 2 scrolls of immolation
 l - 2 scrolls of vulnerability
 n - a scroll of poison
 v - 2 scrolls of enchant weapon
 D - a scroll of butterflies
 F - a scroll of fear
 H - 3 scrolls of teleportation
 I - 2 scrolls of torment
Potions
 c - a potion of cancellation
 f - a potion of flight
 j - a potion of attraction
 s - a potion of brilliance
 t - a potion of mutation
 w - a potion of haste
 z - a potion of resistance {unknown}
 A - a potion of magic {unknown}


   Skills:
 + Level 12.4 Fighting
 - Level 6.0 Long Blades
 - Level 3.0 Throwing
 - Level 3.0 Dodging
 - Level 3.0 Stealth
 - Level 6.0 Unarmed Combat


You had 9 spell levels left.
You didn't know any spells.
Your spell library contained the following spells:

 Spells                   Type           Power      Damage    Failure   Level
 Beastly Appendage        Tmut           0%         N/A       50%         1
 Wereblood                Tmut           0%         N/A       63%         2
 Ozocubu's Armour         Ice            0%         N/A       86%         3
 Spider Form              Tmut/Pois      0%         N/A       86%         3
 Ozocubu's Refrigeration  Ice            0%         4d7       100%        7
 Chain Lightning          Conj/Air       0%         N/A       100%        9
 Fire Storm               Conj/Fire      0%         5d1       100%        9
 Shatter                  Erth           0%         3d5*      100%        9


Dungeon Overview and Level Annotations

Branches:
Dungeon (9/15)             Temple (1/1) D:6
   Lair: D:8-11         Orc: D:9-12

Altars:
Ashenzari
Cheibriados
Dithmenos
Fedhas
Gozag
Hepliaklqana
Kikubaaqudgha
Makhleb
Nemelex Xobeh
Okawaru
Qazlal
Ru
Sif Muna
Trog
Uskayaw
Vehumet
Wu Jian
Xom
Yredelemnul

Shops:
D:5 =   D:6 [


Innate Abilities, Weirdness & Mutations

You have a moderately thin skeletal structure. (Dex +4, Stealth++)
A weak demonic guardian rushes to your aid.
Your demonic aura often causes spilled blood to erupt in flames.
Your touch may inflict irresistible damage on your foes.


Message History

The ice beast hits you but does no damage.
The electric eel shoots out a bolt of lightning at you!
The bolt of electricity hits you.
* * * LOW HITPOINT WARNING * * *
Unknown command.
You hit the electric eel.
The electric eel is heavily wounded.
The ice beast hits you but does no damage.
Unknown command.
You slash the electric eel!
You kill the electric eel!
You hear a splash.
The ice beast hits you but does no damage.
You slash the ice beast!
The ice beast is moderately wounded.
The electric eel shoots out a bolt of lightning at you!
The bolt of electricity hits you!
* * * LOW HITPOINT WARNING * * *
The ice beast barely misses you.
You barely miss the ice beast. Your touch misses the ice beast.
The ice beast is moderately wounded.
The ice beast barely misses you.
You hit the ice beast.
The ice beast is heavily wounded.
The ice beast barely misses you.
The electric eel shoots out a bolt of lightning at you!
The bolt of electricity hits you.
* * * LOW HITPOINT WARNING * * *
The ice beast barely misses you.
You barely miss the ice beast. Your touch misses the ice beast.
The ice beast is heavily wounded.
The electric eel shoots out a bolt of lightning at you!
The bolt of electricity hits you!
* * * LOW HITPOINT WARNING * * *
The ice beast closely misses you.
Unknown command.
You feel better.
The electric eel shoots out a bolt of lightning at you!
The bolt of electricity hits you!
You die...

#....#.# #......#
≈≈≈≈≈≈≈≈≈≈≈ #..#####
##≈≈≈≈≈≈≈≈≈≈ #..#####
##~≈≈≈≈≈≈≈≈≈≈ #......#
#.~~≈≈≈≈≈≈≈≈≈ ###..##.#
#≈≈≈≈≈≈≈≈≈≈≈ <<....#.
###≈≈≈≈~≈≈~~~~
####..#.###≈≈~~†Y~......
......#.#~~~~S..@.......
###...#.................
#.....................
###...#.....###########.
.....##.....#
##..........#######
#.#.##.....#.....#
##.#....#####.....#
#.....#.#####.....#


You could see an ice beast and an electric eel.

Vanquished Creatures
  Joseph (D:7)
  Maggie (D:7)
  Prince Ribbit (D:8)
  6 yaks
  Menkaure (D:7)
  2 steam dragons
  3 sky beasts
  A black bear (D:4)
  4 ice beasts
  2 centaurs
  2 phantoms
  3 bullfrogs
  2 scorpions
  A necrophage (D:8)
  6 wights (D:7)
  2 killer bees
  An electric eel (D:9)
  A howler monkey (D:6)
  6 hounds
  5 jellies
  10 orc priests
  Crazy Yiuf (D:2)
  4 iguanas
  8 orc wizards
  10 gnolls
  7 adders
  A shadow imp (D:7)
  4 white imps
  An ufetubus (D:7)
  A worm (D:5)
  8 dart slugs (D:5)
  23 orcs
  2 bats
  4 endoplasms
  4 giant cockroaches
  5 goblins
  4 hobgoblins
  9 jackals
  4 quokkas
  7 ball pythons
  2 frilled lizards
  6 kobolds
  3 rats
179 creatures vanquished.

Vanquished Creatures (collateral kills)
  The ghost of ytrimaz the Trooper, a novice HOFi of Beogh (D:5)
  An orc warrior (D:9)
  2 orcs (D:6)
4 creatures vanquished.

Vanquished Creatures (others)
  3 fungi (D:2)
  2 plants (D:2)
5 creatures vanquished.

Grand Total: 188 creatures vanquished

Notes
Turn   | Place    | Note
-------+----------+-------------------------------------------
     0 | D:1      | IdlyInterested the Demonspawn Gladiator began the quest for
                  | the Orb.
     0 | D:1      | Reached XP level 1. HP: 16/16 MP: 1/1
   341 | D:1      | Gained mutation: You have a somewhat thin skeletal
                  | structure. (Dex +2, Stealth+) [demonic ancestry]
   341 | D:1      | Reached XP level 2. HP: 20/23 MP: 2/2
  1218 | D:2      | Gained mutation: Your touch may inflict minor irresistible
                  | damage on your foes. [demonic ancestry]
  1218 | D:2      | Reached XP level 3. HP: 28/28 MP: 3/3
  1373 | D:2      | Reached skill level 3 in Fighting
  1521 | D:2      | Found a faded altar of an unknown god.
  1571 | D:2      | Found a runed translucent door.
  1572 | D:2      | Noticed Crazy Yiuf
  1683 | D:2      | Killed Crazy Yiuf
  1684 | D:2      | Gained mutation: Your touch may inflict irresistible damage
                  | on your foes. [demonic ancestry]
  1684 | D:2      | Reached XP level 4. HP: 35/35 MP: 4/4
  2409 | D:3      | Found a radiant altar of Vehumet.
  2761 | D:3      | Reached skill level 4 in Fighting
  2761 | D:3      | Gained mutation: You have a moderately thin skeletal
                  | structure. (Dex +4, Stealth++) [demonic ancestry]
  2761 | D:3      | Reached XP level 5. HP: 26/42 MP: 5/5
  3092 | D:4      | Reached skill level 1 in Unarmed Combat
  3130 | D:4      | Noticed a black bear
  3139 | D:4      | Killed a black bear
  3140 | D:4      | Reached XP level 6. HP: 38/50 MP: 6/6
  3180 | D:4      | Reached skill level 5 in Fighting
  3187 | D:4      | HP: 2/51 [orc priest/+0 trident (8)]
  3872 | D:5      | Entered Level 5 of the Dungeon
  3914 | D:4      | Reached skill level 1 in Stealth
  3916 | D:4      | Gained mutation: Your demonic aura sometimes causes spilled
                  | blood to erupt in flames. [demonic ancestry]
  3916 | D:4      | Reached XP level 7. HP: 20/56 MP: 7/7
  4530 | D:5      | Found a runed translucent door.
  4530 | D:5      | Noticed ytrimaz's ghost (novice HOFi)
  4718 | D:5      | Found Myrphagg's Jewellery Emporium.
  4803 | D:5      | Reached skill level 6 in Fighting
  4865 | D:5      | Found a hazy altar of Hepliaklqana.
  4939 | D:5      | Found a blossoming altar of Fedhas.
  4998 | D:5      | Reached skill level 7 in Fighting
  5361 | D:5      | Gained mutation: A weak demonic guardian rushes to your
                  | aid. [demonic ancestry]
  5361 | D:5      | Reached XP level 8. HP: 54/67 MP: 8/8
  5574 | D:5      | Killed ytrimaz's ghost
  5575 | D:5      | Reached skill level 8 in Fighting
  6082 | D:6      | Found a staircase to the Ecumenical Temple.
  6103 | Temple   | Entered the Ecumenical Temple
  6103 | Temple   | Found a transporter.
  6103 | Temple   | Found a transporter.
  6105 | Temple   | Found a transporter.
  6105 | Temple   | Found a transporter.
  6194 | D:6      | Found a shadowy altar of Dithmenos.
  6593 | D:6      | Found Edweg's Armour Boutique.
  6899 | D:6      | Found a sparkling altar of Nemelex Xobeh.
  7064 | D:6      | Reached XP level 9. HP: 72/75 MP: 9/9
  7362 | D:7      | Reached skill level 9 in Fighting
  7640 | D:7      | Reached skill level 5 in Long Blades
  8217 | D:7      | Noticed Maggie
  8230 | D:7      | Killed Maggie
  8231 | D:7      | Reached skill level 10 in Fighting
  8323 | D:7      | Reached skill level 5 in Unarmed Combat
  8359 | D:7      | Noticed Menkaure
  8366 | D:7      | Killed Menkaure
  8636 | D:7      | Noticed Joseph
  8645 | D:7      | Killed Joseph
  8746 | D:7      | Found an ornate altar of the Wu Jian Council.
  8924 | D:7      | Gained mutation: Your demonic aura often causes spilled
                  | blood to erupt in flames. [demonic ancestry]
  8924 | D:7      | Reached XP level 10. HP: 48/86 MP: 5/10
  8931 | D:7      | Reached skill level 11 in Fighting
  9524 | D:8      | Noticed Prince Ribbit
  9536 | D:8      | Killed Prince Ribbit
  9537 | D:8      | Reached skill level 12 in Fighting
  9647 | D:8      | Found a bloodstained altar of Trog.
 10206 | D:9      | HP: 1/90 [electric eel/bolt of electricity (8)]
 10207 | D:9      | Killed from afar by an electric eel

Illustrated notes

Levels and vault maps discovered:
D:1:      minmay_arrival_pointy, layout_loops_ring, minivault_27,
          amcnicky_mini_pool_small
D:2:      layout_loops_ring, shapermc_ecumenical_altar_acropolis,
          uniq_crazy_yiuf_cottage
D:3:      layout_basic, nicolae_overflow_crystal_walls, kennysheep_orc_chapel
D:4:      layout_cave_pools
D:5:      kennysheep_slugbush, layout_loops_ring, fedhas_altar_4,
          lemuel_tele_altar, serial_shops, nicolae_shop_behind_doors,
          ebering_ghost_inner_flame
D:6:      layout_loops_corners, mainiacjoe_overflow_brackets,
          gammafunk_temple_overflow_statue, temple_fountains, serial_shops, shop
D:7:      kennysheep_six_static_rooms, layout_loops_ring,
          gammafunk_temple_overflow_pools, corexii_leaking_fountain,
          uniq_maggie, uniq_joseph, uniq_menkaure
D:8:      layout_basic, trog_book, uniq_prince_ribbit1
D:9:      minmay_twisted_water, layout_basic, enter_bailey_7, kennysheep_path_1,
          uniq_maurice
Temple:   hellmonk_temple_divided_pantheon

Skill      XL: |  1  2  3  4  5  6  7  8  9 10 |
---------------+-------------------------------+-----
Long Blades    | 3 4 6 |  6.0
Dodging        | 3 |  3.0
Fighting       | 3 4 5 7 8 10 12 | 12.4
Throwing       | 2 3 |  3.0
Unarmed Combat | 2 3 4 6 |  6.0
Stealth        | 1 3 |  3.0

Action                   |  1- 3 |  4- 6 |  7- 9 | 10-12 || total
-------------------------+-------+-------+-------+-------++-------
Melee: Long sword        |    68 |    98 |   219 |    69 ||   454
       Touch             |     3 |    20 |    43 |    13 ||    79
       Punch             |       |     2 |     5 |     3 ||    10
Throw: Throwing net      |     1 |     1 |       |       ||     2
       Dart              |     1 |       |       |       ||     1
       Javelin           |       |     1 |     1 |       ||     2
Evoke: Wand              |       |       |       |     2 ||     2
  Use: Scroll            |     2 |     3 |    13 |     1 ||    19
       Potion            |       |     4 |     6 |     2 ||    12
 Stab: Sleeping          |     5 |     3 |    27 |     3 ||    38
       Held in net/web   |     1 |       |       |       ||     1
       Distracted        |       |     1 |     1 |       ||     2
Armor: Leather armour    |     8 |       |       |       ||     8
       Ring mail         |    18 |    61 |    46 |       ||   125
       Skin              |       |       |     6 |       ||     6
       Scale mail        |       |       |    24 |       ||    24
       Acid dragon scale |       |       |     3 |    26 ||    29
Dodge: Dodged            |    53 |   100 |   145 |    62 ||   360
Block: Buckler           |     3 |       |       |       ||     3

Table legend: (Time is in decaauts)
 A = Elapsed time spent in this place.
 B = Non-inter-level travel time spent in this place.
 C = Inter-level travel time spent in this place.
 D = Time resting spent in this place.
 E = Time spent auto-exploring this place.
 F = Levels seen in this place.
 G = Mean time per level.
                   A        B        C        D        E       F      G
               +--------+--------+--------+--------+--------+-----+--------+
         Total |  10328 |   8983 |   1345 |   1914 |   4794 |  10 | 1032.8 |
       Dungeon |  10256 |   8911 |   1345 |   1914 |   4793 |   9 | 1139.6 |
        Temple |     71 |     71 |      0 |      0 |      1 |   1 |   71.0 |
               +--------+--------+--------+--------+--------+-----+--------+

Top non-repeatable levels by time:
     D:7: 1974 daAuts
     D:5: 1961 daAuts
     D:6: 1333 daAuts
     D:3: 1099 daAuts
     D:4: 1077 daAuts
     D:1: 1021 daAuts
     D:2: 974 daAuts
     D:8: 666 daAuts
     D:9: 147 daAuts
  Temple: 71 daAuts
